 Dungeon Crawl Stone Soup version 0.30-a0-50-gb2d611f6b1 (webtiles) character file.

Game seed: 2923072180986112485

6975 timneilson the Protected (level 11, -10/67 HPs)
             Began as a Gargoyle Fighter on Sept 3, 2022.
             Was a Priest of Okawaru.
             Shot with an arrow by a centaur warrior (16 damage)
             ... on level 10 of the Dungeon.
             The game lasted 00:21:47 (12362 turns).

timneilson the Protected (Gargoyle Fighter)        Turns: 12362, Time: 00:21:48

Health: -10/67     AC: 30    Str: 23    XL:     11   Next: 8%
Magic:  0/14       EV: 10    Int: 14    God:    Okawaru [***...]
Gold:   386        SH:  7    Dex:  9    Spells: 10/10 levels left

rFire   . . .      SeeInvis .    x - +4 scimitar
rCold   + . .      Faith    .    c - +0 buckler
rNeg    + . .      Spirit   +    t - +0 plate armour
rPois   ∞          Reflect  .    b - +2 hat of the Swamp {rC+ Int+4}
rElec   +          Harm     .    s - +0 cloak
rCorr   .          Rampage  .    B - +0 pair of gloves
Will    +....                    (no boots)
Stlth   ..........               r - amulet of guardian spirit
HPRegen 0.21/turn                m - ring of flight
MPRegen 0.14/turn                z - ring of willpower

@: heroic, flying
A: sickness immunity, AC +8, negative energy resistance 1, electricity
resistance, torment resistance 1, petrification resistance
a: Renounce Religion, Heroism


You were on level 10 of the Dungeon.
You worshipped Okawaru.
Okawaru was most pleased with you.
You visited 2 branches of the dungeon, and saw 11 of its levels.

You collected 386 gold pieces.

Inventory:

Hand Weapons
 a - a +1 long sword
 u - a +5 falchion of flaming
 x - a +4 scimitar (weapon)
Armour
 b - the +2 hat of the Swamp (worn) {rC+ Int+4}
   (You acquired it on level 4 of the Dungeon)

   Int:       It affects your intelligence (+4).
   rC:        It protects you from cold.
 c - a +0 buckler (worn)
 s - a +0 cloak (worn)
 t - a +0 plate armour (worn)
 B - a +0 pair of gloves (worn)
Jewellery
 m - a ring of flight (left hand)
 r - an amulet of guardian spirit (around neck)
 z - a ring of willpower (right hand)
Wands
 h - a wand of flame (28)
 o - a wand of quicksilver (7)
 y - a wand of iceblast (9)
 F - a wand of digging (8)
 G - a wand of polymorph (4)
Scrolls
 g - 5 scrolls of teleportation
 j - a scroll of poison
 C - a scroll of magic mapping
Potions
 d - 2 potions of brilliance
 e - a potion of resistance
 f - 2 potions of curing
 i - 2 potions of berserk rage {unknown}
 k - 3 potions of attraction
 l - a potion of lignification
 n - 2 potions of mutation
 p - a potion of invisibility
 q - a potion of heal wounds
 v - 4 potions of haste
 A - a potion of might
 D - a potion of magic {unknown}
 E - a potion of flight {unknown}


   Skills:
 + Level 7.1(12.1) Fighting
 * Level 7.8(12.8) Long Blades
 * Level 9.7(14.7) Armour
 + Level 4.7(9.7) Dodging
 * Level 9.7(14.7) Shields
 + Level 4.8 Invocations
 + Level 4.3 Evocations


You had 10 spell levels left.
You didn't know any spells.
Your spell library contained the following spells:

 Spells                   Type           Power      Damage    Failure   Level
 Foxfire                  Conj/Fire      0%         2x1d4     96%         1
 Blink                    Tloc           0%         N/A       99%         2
 Poisonous Vapours        Pois/Air       0%         N/A       99%         2
 Wereblood                Tmut           0%         N/A       99%         2
 Conjure Flame            Conj/Fire      0%         6-21      100%        3
 Gell's Gravitas          Tloc           0%         N/A       100%        3
 Inner Flame              Hex/Fire       0%         N/A       100%        3
 Lesser Beckoning         Tloc           0%         N/A       100%        3
 Teleport Other           Tloc           0%         N/A       100%        3
 Corpse Rot               Necr/Pois/Air  0%         N/A       100%        4
 Flame Wave               Conj/Fire      0%         2d4       100%        4
 Manifold Assault         Tloc           0%         N/A       100%        5
 Sublimation of Blood     Necr           Unusable   N/A       N/A         2
 Summon Hydra             Summ           Unusable   N/A       N/A         7

Dungeon Overview and Level Annotations

Branches:
Dungeon (10/15)            Temple (1/1) D:6
   Lair: D:8-11         Orc: D:9-12

Altars:
Ashenzari
Cheibriados
Dithmenos
Elyvilon
Fedhas
Gozag
Hepliaklqana
Kikubaaqudgha
Makhleb
Nemelex Xobeh
Okawaru
Qazlal
Ru
Sif Muna
Trog
Uskayaw
Vehumet
Wu Jian
Xom
Yredelemnul
Zin
The Shining One

Shops:
D:4 *   D:5 *   D:9 [

Annotations:
D:9 exclusion: obsidian statue


Innate Abilities, Weirdness & Mutations

You are immune to sickness and miasma.
Your stone body is resilient. (AC +8)
You are immune to poison.
You resist negative energy. (rN+)
You are resistant to electric shocks. (rElec)
You are resistant to unholy torment.
You are immune to petrification.


Message History

Found 13 gold pieces.
You see here a wand of polymorph (4).
G - a wand of polymorph (4)
The centaur warrior shouts!
The centaur warrior shoots an arrow.
The arrow barely misses you.
You hear a shout!
The centaur warrior shoots an arrow.
The arrow hits you.
The centaur warrior shoots an arrow.
The arrow hits you!
You gain the combat prowess of a mighty hero.
The centaur warrior shoots an arrow.
The arrow hits you!
The centaur warrior shoots an arrow.
The arrow hits you but does no damage.
The centaur warrior shoots an arrow.
The arrow hits you!
A centaur warrior comes into view.
The centaur warrior shouts!
The centaur warrior wields a +0 shortbow.
The centaur warrior shoots an arrow.
The arrow hits you but does no damage.
The centaur warrior shoots an arrow.
The arrow hits you!
* * * LOW HITPOINT WARNING * * *
The centaur warrior unwields a +0 shortbow.
The centaur warrior barely misses you.
The centaur warrior kicks you but does no damage.
The centaur warrior hits you but does no damage.
The centaur warrior kicks you but does no damage.
The centaur warrior attacks as you move away!
The centaur warrior closely misses you.
The centaur warrior kicks you but does no damage.
The centaur warrior wields a +0 shortbow.
The centaur warrior shoots an arrow.
The arrow hits you!
* * * LOW HITPOINT WARNING * * *
As you read the scroll of fear, it crumbles to dust.
You assume a fearsome visage.
The centaur warrior easily resists.
The centaur warrior looks frightened!
The centaur warrior shoots an arrow.
The arrow hits you but does no damage.
The centaur warrior shoots an arrow.
The arrow hits you.
* * * LOW HITPOINT WARNING * * *
The centaur warrior shoots an arrow.
You block the arrow.
The centaur warrior shoots an arrow.
The arrow hits you but does no damage.
You see here 13 gold pieces.
The centaur warrior shoots an arrow.
The arrow hits you!
You die...

#.....###.# ... #..#...#
#.........#
#....####.<#...##. #.#......
#................. #.#...##.
#....#.......##### #........
#.. #....O..# #.......# #..
##..c..## . #.#..#..# #.#
###.###.... #.#.....# #.##
##........# #.#.....#
#@.#.#.........#
#.......######$...#...###..##
#..............##.##.. #!#
#.#......!#....# ###. !).
#..............# ## ##.
#..............#
#.##..###..#..c#
#.....................
#....###...###..c....#


You could see a centaur warrior.

Vanquished Creatures
  A two-headed ogre (D:10)
  Joseph (D:7)
  A troll (D:10)
  A spriggan (shapeshifter) (D:10)
  Sigmund (D:4)
  5 yaks (D:8)
  2 steam dragons
  Menkaure (D:7)
  An ice beast (D:6)
  An orc warrior (D:8)
  A sky beast (D:8)
  2 ogres
  A black bear (D:6)
  A centaur (D:9)
  A phantom (D:6)
  3 bullfrogs
  Blork the orc (D:4)
  A kobold brigand (D:9)
  A necrophage (D:5)
  4 scorpions
  13 wights
  9 killer bees
  2 jellies
  5 orc priests
  2 hounds
  4 iguanas
  6 orc wizards
  8 gnolls
  8 adders
  A shadow imp (D:6)
  A white imp (D:7)
  A worm (D:4)
  2 dart slugs
  35 orcs
  8 ball pythons
  4 bats
  10 endoplasms
  4 giant cockroaches
  4 goblins
  8 hobgoblins
  10 kobolds
  4 quokkas
  6 frilled lizards
  2 rats
  A butterfly (D:6)
189 creatures vanquished.

Vanquished Creatures (others)
  Maurice (D:8)
  A gnoll (D:8)
  2 plants (D:8)
4 creatures vanquished.

Grand Total: 193 creatures vanquished

Notes
Turn   | Place    | Note
-------+----------+-------------------------------------------
     0 | D:1      | timneilson the Gargoyle Fighter began the quest for the
                  | Orb.
     0 | D:1      | Reached XP level 1. HP: 14/14 MP: 1/1
     7 | D:1      | Noticed a black bear
     7 | D:1      | Noticed a wolf
     7 | D:1      | Noticed a water moccasin
     8 | D:1      | Noticed a komodo dragon
     8 | D:1      | Noticed a swamp drake
   128 | D:1      | Reached XP level 2. HP: 6/19 MP: 2/2
   613 | D:1      | Reached XP level 3. HP: 22/23 MP: 3/3
  1426 | D:2      | Found a glowing silver altar of Zin.
  2252 | D:3      | Reached XP level 4. HP: 28/28 MP: 4/4
  2753 | D:3      | Reached skill level 1 in Dodging
  3063 | D:3      | Reached XP level 5. HP: 32/32 MP: 5/5
  3326 | D:4      | Found Cipluu Rorot's General Store.
  4154 | D:4      | Noticed an ogre
  4315 | D:4      | Found a shimmering altar of Xom.
  4316 | D:4      | Found a shadowy altar of Dithmenos.
  4316 | D:4      | Found a hazy altar of Hepliaklqana.
  4316 | D:4      | Found a white marble altar of Elyvilon.
  4317 | D:4      | Found a radiant altar of Vehumet.
  4319 | D:4      | Found a glowing golden altar of the Shining One.
  4320 | D:4      | Found a burning altar of Makhleb.
  4442 | D:5      | Entered Level 5 of the Dungeon
  4549 | D:5      | Reached XP level 6. HP: 36/38 MP: 4/6
  5030 | D:4      | Reached skill level 5 in Armour
  5030 | D:4      | Reached skill level 5 in Shields
  5135 | D:5      | Reached XP level 7. HP: 38/43 MP: 7/7
  5221 | D:5      | HP: 1/43 [ogre/+0 giant spiked club (19)]
  5566 | D:5      | Found Ymaonybb's Assorted Antiques.
  6111 | D:5      | Reached XP level 8. HP: 48/48 MP: 8/8
  6396 | D:4      | Noticed Sigmund
  6403 | D:4      | Killed Sigmund
  6536 | D:4      | Noticed Blork the orc
  6548 | D:4      | Killed Blork the orc
  6549 | D:4      | Reached skill level 1 in Evocations
  6779 | D:4      | Identified a scroll of acquirement
  6779 | D:4      | Acquired the +2 hat of the Swamp {rC+ Int+4}
  6857 | D:6      | Reached XP level 9. HP: 53/56 MP: 8/11
  6947 | D:6      | Found a staircase to the Ecumenical Temple.
  6970 | Temple   | Entered the Ecumenical Temple
  7227 | Temple   | Became a worshipper of Warmaster Okawaru
  7943 | D:7      | Noticed Joseph
  7983 | D:7      | Killed Joseph
  7984 | D:7      | Reached XP level 10. HP: 38/61 MP: 2/13
  8320 | D:7      | Noticed Menkaure
  8330 | D:7      | Killed Menkaure
  8543 | D:7      | Reached * piety under Okawaru
  9286 | D:8      | Reached ** piety under Okawaru
  9475 | D:8      | Identified the +0 robe of Abiq {rElec}
  9641 | D:8      | Noticed Maurice
  9653 | D:8      | Paralysed by Maurice for 2 turns
  9657 | D:8      | Paralysed by Maurice for 3 turns
  9674 | D:8      | Paralysed by something for 5 turns
  9678 | D:8      | Killed Maurice
  9875 | D:8      | Found a broken altar of Ashenzari.
 10491 | D:9      | Found Ramm's Armour Shop.
 11193 | D:9      | Noticed an obsidian statue
 11620 | D:10     | Entered Level 10 of the Dungeon
 11626 | D:10     | Noticed a centaur warrior
 11644 | D:10     | Noticed an ogre mage
 11948 | D:10     | Noticed a two-headed ogre
 11960 | D:10     | Killed a two-headed ogre
 11960 | D:10     | Reached *** piety under Okawaru
 11961 | D:10     | Reached XP level 11. HP: 7/67 MP: 2/14
 12354 | D:10     | Noticed a centaur warrior
 12362 | D:10     | Shot with an arrow by a centaur warrior

Illustrated notes

Levels and vault maps discovered:
D:1:      onia_arrival_zoo_common, layout_basic
D:2:      layout_rooms, basic_altar, chequers_big_river, grunt_decor_resistance
D:3:      layout_basic, serial_co_window_serial, co_window_paths_a,
          co_window_paths_b, co_window_of_opportunity_a, co_window_corner_a,
          co_window_paths_b, co_window_corner_b, co_window_paths_c,
          co_window_broadway_b, glass_columns_c, glass_columns_a,
          glass_columns_a, glass_columns_a, glass_columns_a
D:4:      layout_loops_ring, minitemple, serial_shops,
          nicolae_shop_hallway_stairs, minmay_misc_feat_room, sigmund_army,
          uniq_blork_the_orc, uniq_sigmund
D:5:      layout_basic, serial_shops, shop_fountains
D:6:      layout_gridville, minmay_temple_entry_butterflies
D:7:      layout_gridville, uniq_crazy_yiuf_cottage, uniq_menkaure, uniq_joseph
D:8:      minmay_weird_star, layout_basic, mainiacjoe_overflow_six_doors_small,
          uniq_maurice
D:9:      layout_layer_cave, serial_shops, shop, minmay_protected_statue
D:10:     minmay_curly_fans, layout_stronghold, dk_noncrumbling_2
Temple:   minmay_temple_curvy_branch

Skill      XL: |  1  2  3  4  5  6  7  8  9 10 |
---------------+-------------------------------+-----
Long Blades    | 2 3 4 6 7 |  7.8
Armour         | 4 5 8 9 |  9.7
Shields        | 4 5 8 9 |  9.7
Dodging        | 1 2 4 |  4.7
Fighting       | 4 6 7 |  7.1
Evocations     | 3 4 |  4.3
Invocations    | 3 4 |  4.8

Action                   |  1- 3 |  4- 6 |  7- 9 | 10-12 || total
-------------------------+-------+-------+-------+-------++-------
Melee: Long sword        |   129 |   211 |       |       ||   340
       Scimitar          |       |     3 |   208 |   335 ||   546
Invok: Heroism           |       |       |       |     3 ||     3
  Use: Scroll            |     3 |     2 |    12 |     4 ||    21
       Potion            |       |     1 |     5 |       ||     6
Armor: Scale mail        |    39 |       |       |       ||    39
       Chain mail        |    30 |   136 |   136 |     8 ||   310
       Plate armour      |       |       |       |   288 ||   288
Dodge: Dodged            |    64 |    77 |    87 |   145 ||   373
Block: Buckler           |    31 |    50 |    60 |   122 ||   263

Table legend: (Time is in decaauts)
 A = Elapsed time spent in this place.
 B = Non-inter-level travel time spent in this place.
 C = Inter-level travel time spent in this place.
 D = Time resting spent in this place.
 E = Time spent auto-exploring this place.
 F = Levels seen in this place.
 G = Mean time per level.
                   A        B        C        D        E       F      G
               +--------+--------+--------+--------+--------+-----+--------+
         Total |  12526 |  12128 |    398 |   1986 |   7424 |  11 | 1138.7 |
       Dungeon |  12258 |  11880 |    378 |   1986 |   7179 |  10 | 1225.8 |
        Temple |    268 |    248 |     20 |      0 |    245 |   1 |  268.0 |
               +--------+--------+--------+--------+--------+-----+--------+

Top non-repeatable levels by time:
     D:3: 1961 daAuts
     D:4: 1829 daAuts
     D:9: 1756 daAuts
     D:1: 1399 daAuts
     D:8: 1365 daAuts
     D:7: 1360 daAuts
     D:5: 1241 daAuts
     D:6: 622 daAuts
     D:2: 529 daAuts
  Temple: 268 daAuts
    D:10: 191 daAuts
